General information
- name: BNet
- type: Ladder team game (AT/RT)
- host: Battle.net
- saver: DidIDoThat
map: TwilightRuins
- players: 8
- length: 25:26
- speed: Fast
- version: 1.28 W3XP
- replay type: Public
» download(308 KB)
Players
team 1 (loser)

»
AmnoN (
red | 99 APM | 2433 actions | 24:33)
5 Death Knight
3 Death Coil
2 Unholy Aura
4 Lich
2 Frost Nova
2 Frost Armor
» actions
| Assign group hotkey | 46 | |
| Basic commands | 11 | |
| Build / train | 76 | |
| Enter build submenu | 23 | |
| Enter hero's abilities submenu | 10 | |
| Right click | 815 | |
| Select / deselect | 325 | |
| Select group hotkey | 1029 | |
| Use ability | 98 | |
2433 total
» units
| Acolyte | 7 | |
| Ghoul | 4 | |
| Crypt Fiend | 11 | |
| Obsidian Statue | 4 | |
| Frost Wyrm | 6 | |
| Abomination | 5 | |
| Goblin Sapper | 6 | |
43 total
» upgrades
| Creature Attack | 1 | |
| Web | 1 | |
| Destroyer Form | 1 | |
| Freezing Breath | 1 | |
| Creature Carapace | 1 | |
| Unholy Armor | 1 | |
6 total
» buildings
| Crypt | 1 | |
| Graveyard | 1 | |
| Ziggurat | 8 | |
| Altar of Darkness | 1 | |
| Tomb of Relics | 1 | |
| Halls of the Dead | 3 | |
| Necropolis | 1 | |
| Black Citadel | 1 | |
| Slaughterhouse | 1 | |
| Sacrificial Pit | 1 | |
| Nerubian Tower | 1 | |
| Boneyard | 2 | |
| Spirit Tower | 1 | |
23 total
» build order
00:15 Crypt
00:20 Graveyard
00:54 Ziggurat
01:02 Altar of Darkness
01:28 Tomb of Relics
02:03 Ziggurat
04:04 Halls of the Dead
04:04 Halls of the Dead
04:04 Halls of the Dead
04:59 Necropolis
05:50 Ziggurat
06:59 Ziggurat
07:03 Black Citadel
08:02 Slaughterhouse
08:04 Sacrificial Pit
08:24 Nerubian Tower
08:28 Ziggurat
10:45 Boneyard
10:47 Boneyard
11:05 Ziggurat
11:06 Ziggurat
11:10 Ziggurat
20:41 Spirit Tower
» items
| Rod of Necromancy | 1 | |
| Scroll of Town Portal | 4 | |
| Orb of Corruption | 1 | |
| Scroll of Healing | 2 | |
| Potion of Healing | 1 | |
| Potion of Lesser Invulnerability | 1 | |
10 total
Asar (
purple | 52 APM | 1310 actions | 25:25)
4 Death Knight
2 Death Coil
2 Unholy Aura
4 Lich
2 Frost Nova
2 Frost Armor
1 Crypt Lord
1 Impale
» actions
| Assign group hotkey | 24 | |
| Basic commands | 9 | |
| Build / train | 55 | |
| Enter build submenu | 21 | |
| Enter hero's abilities submenu | 9 | |
| Give item / drop item | 2 | |
| Right click | 351 | |
| Select / deselect | 291 | |
| Select group hotkey | 434 | |
| Use ability | 114 | |
1310 total
» units
| Acolyte | 3 | |
| Ghoul | 3 | |
| Crypt Fiend | 7 | |
| Goblin Shredder | 1 | |
| Obsidian Statue | 5 | |
19 total
» upgrades
| Web | 1 | |
| Creature Attack | 1 | |
| Creature Carapace | 1 | |
| Destroyer Form | 1 | |
4 total
» buildings
| Crypt | 1 | |
| Ziggurat | 5 | |
| Altar of Darkness | 1 | |
| Graveyard | 1 | |
| Halls of the Dead | 2 | |
| Tomb of Relics | 1 | |
| Nerubian Tower | 1 | |
| Black Citadel | 1 | |
| Slaughterhouse | 1 | |
| Spirit Tower | 2 | |
| Sacrificial Pit | 1 | |
| Boneyard | 1 | |
| Necropolis | 1 | |
19 total
» build order
00:32 Crypt
00:37 Ziggurat
00:58 Altar of Darkness
01:09 Graveyard
01:23 Ziggurat
02:45 Halls of the Dead
02:45 Halls of the Dead
02:50 Tomb of Relics
04:06 Nerubian Tower
05:31 Ziggurat
05:36 Black Citadel
07:44 Slaughterhouse
07:47 Spirit Tower
08:51 Ziggurat
08:59 Sacrificial Pit
12:36 Spirit Tower
14:54 Boneyard
15:53 Ziggurat
20:13 Necropolis
» items
| Rod of Necromancy | 5 | |
| Potion of Lesser Invulnerability | 2 | |
| Orb of Corruption | 2 | |
| Potion of Mana | 3 | |
| Scroll of Healing | 1 | |
| Scroll of Town Portal | 1 | |
14 total

»
maui (
pink | 126 APM | 3140 actions | 24:55)
6 Death Knight
3 Death Coil
2 Unholy Aura
1 Animate Dead
4 Lich
3 Frost Nova
1 Frost Armor
3 Crypt Lord
2 Carrion Beetles
1 Impale
» actions
| Assign group hotkey | 37 | |
| Basic commands | 23 | |
| Build / train | 100 | |
| Enter build submenu | 43 | |
| Enter hero's abilities submenu | 14 | |
| Give item / drop item | 3 | |
| Right click | 1123 | |
| Select / deselect | 418 | |
| Select group hotkey | 1238 | |
| Use ability | 141 | |
3140 total
» units
| Acolyte | 14 | |
| Ghoul | 8 | |
| Goblin Shredder | 1 | |
| Mur'gul Snarecaster | 1 | |
| Makrura Deepseer | 1 | |
| Crypt Fiend | 6 | |
| Goblin Sapper | 2 | |
| Banshee | 2 | |
| Abomination | 2 | |
| Obsidian Statue | 4 | |
| Frost Wyrm | 2 | |
43 total
» upgrades
| Creature Attack | 1 | |
| Creature Carapace | 1 | |
| Banshee Training | 1 | |
| Destroyer Form | 1 | |
| Disease Cloud | 1 | |
5 total
» buildings
| Ziggurat | 18 | |
| Crypt | 1 | |
| Altar of Darkness | 1 | |
| Tomb of Relics | 5 | |
| Necropolis | 5 | |
| Graveyard | 1 | |
| Nerubian Tower | 7 | |
| Halls of the Dead | 2 | |
| Black Citadel | 1 | |
| Slaughterhouse | 2 | |
| Sacrificial Pit | 2 | |
| Temple of the Damned | 1 | |
| Boneyard | 1 | |
| Spirit Tower | 2 | |
49 total
» build order
00:16 Ziggurat
00:18 Crypt
00:39 Altar of Darkness
00:56 Tomb of Relics
01:28 Ziggurat
04:29 Necropolis
05:40 Tomb of Relics
05:41 Ziggurat
05:42 Ziggurat
05:44 Ziggurat
05:56 Graveyard
06:00 Ziggurat
06:17 Tomb of Relics
06:23 Tomb of Relics
06:37 Nerubian Tower
07:08 Nerubian Tower
07:08 Nerubian Tower
07:35 Nerubian Tower
07:35 Nerubian Tower
08:14 Halls of the Dead
08:14 Halls of the Dead
11:21 Black Citadel
11:39 Slaughterhouse
11:40 Sacrificial Pit
12:01 Temple of the Damned
12:03 Slaughterhouse
12:19 Sacrificial Pit
13:12 Necropolis
13:13 Ziggurat
13:14 Ziggurat
13:14 Ziggurat
13:55 Ziggurat
13:56 Ziggurat
14:09 Necropolis
14:11 Necropolis
14:42 Ziggurat
14:43 Ziggurat
14:59 Nerubian Tower
15:00 Ziggurat
15:10 Nerubian Tower
15:40 Boneyard
16:00 Ziggurat
16:01 Ziggurat
17:21 Spirit Tower
17:21 Spirit Tower
19:04 Ziggurat
20:32 Tomb of Relics
24:33 Necropolis
24:34 Ziggurat
» items
| Rod of Necromancy | 8 | |
| Scroll of Town Portal | 5 | |
| Potion of Healing | 2 | |
| Potion of Mana | 2 | |
| Orb of Corruption | 2 | |
19 total
Thorongil (
yellow | 79 APM | 1991 actions | 25:15)
4 Archmage
2 Summon Water Elemental
2 Brilliance Aura
3 Mountain King
2 Storm Bolt
1 Bash
» actions
| Assign group hotkey | 39 | |
| Basic commands | 6 | |
| Build / train | 111 | |
| ESC pressed | 1 | |
| Enter build submenu | 31 | |
| Enter hero's abilities submenu | 7 | |
| Give item / drop item | 1 | |
| Remove unit from queue | 2 | |
| Right click | 1025 | |
| Select / deselect | 257 | |
| Select group hotkey | 379 | |
| Use ability | 132 | |
1991 total
» units
| Peasant | 19 | |
| Footman | -1 | |
| Rifleman | 13 | |
| Mortar Team | 2 | |
| Priest | 6 | |
| Spell Breaker | 2 | |
41 total
» upgrades
| Gunpowder | 2 | |
| Long Rifles | 1 | |
| Lumber Harvesting | 2 | |
| Fragmentation Shards | 1 | |
| Priest Training | 1 | |
| Armor | 1 | |
8 total
» buildings
| Barracks | 1 | |
| Farm | 8 | |
| Altar of Kings | 1 | |
| Scout Tower | 4 | |
| Blacksmith | 1 | |
| Arcane Tower | 3 | |
| Arcane Vault | 2 | |
| Town Hall | 2 | |
| Keep | 5 | |
| Lumber Mill | 1 | |
| Castle | 7 | |
| Workshop | 2 | |
| Guard Tower | 3 | |
| Arcane Sanctum | 1 | |
41 total
» build order
00:17 Barracks
00:28 Farm
00:40 Altar of Kings
01:10 Farm
01:44 Scout Tower
02:16 Blacksmith
02:33 Farm
02:36 Arcane Tower
02:36 Arcane Tower
02:36 Arcane Tower
03:03 Farm
03:33 Arcane Vault
03:39 Farm
05:30 Town Hall
05:52 Keep
05:52 Keep
06:07 Lumber Mill
08:33 Castle
08:33 Castle
08:33 Castle
10:14 Scout Tower
10:18 Scout Tower
10:22 Scout Tower
10:52 Workshop
10:53 Guard Tower
10:53 Guard Tower
10:54 Guard Tower
11:05 Workshop
12:05 Arcane Sanctum
13:23 Farm
13:26 Farm
15:46 Town Hall
16:12 Farm
19:18 Keep
19:19 Keep
19:19 Keep
22:18 Castle
22:18 Castle
22:18 Castle
23:19 Arcane Vault
» items
| Rod of Necromancy | 1 | |
| Scroll of Regeneration | 4 | |
| Scroll of Town Portal | 2 | |
| Ivory Tower | 4 | |
| Boots of Speed | 1 | |
| Potion of Lesser Invulnerability | 1 | |
| Scroll of Healing | 1 | |
| Scroll of Protection | 1 | |
15 total
team 2 (winner)
rkdWhqyd (
green | 103 APM | 2612 actions | 25:25)
6 Archmage
3 Summon Water Elemental
2 Brilliance Aura
1 Mass Teleport
5 Dark Ranger
3 Silence
2 Black Arrow
» actions
| Assign group hotkey | 2 | |
| Basic commands | 279 | |
| Build / train | 99 | |
| Enter build submenu | 21 | |
| Enter hero's abilities submenu | 11 | |
| Give item / drop item | 3 | |
| Right click | 508 | |
| Select / deselect | 1039 | |
| Select group hotkey | 523 | |
| Use ability | 127 | |
2612 total
» units
| Peasant | 10 | |
| Footman | 5 | |
| Rifleman | 3 | |
| Goblin Shredder | 1 | |
| Siege Engine | 2 | |
| Knight | 12 | |
33 total
» upgrades
| Defend | 1 | |
| Gunpowder | 3 | |
| Masonry | 3 | |
| Long Rifles | 1 | |
| Armor | 1 | |
| Barrage | 1 | |
| Flak Cannons | 1 | |
| Fragmentation Shards | 1 | |
| Lumber Harvesting | 2 | |
| Animal War Training | 1 | |
| Swords | 3 | |
| Plating | 3 | |
21 total
» buildings
| Lumber Mill | 1 | |
| Altar of Kings | 1 | |
| Farm | 11 | |
| Barracks | 2 | |
| Keep | 1 | |
| Blacksmith | 1 | |
| Arcane Vault | 1 | |
| Town Hall | 2 | |
| Castle | 1 | |
| Workshop | 2 | |
23 total
» build order
00:29 Lumber Mill
00:42 Altar of Kings
00:58 Farm
01:12 Barracks
01:35 Farm
02:05 Barracks
02:29 Farm
02:30 Farm
03:29 Keep
03:50 Blacksmith
04:10 Arcane Vault
05:12 Farm
05:12 Farm
07:40 Town Hall
09:37 Castle
09:39 Workshop
10:07 Workshop
11:26 Town Hall
11:39 Farm
11:40 Farm
11:41 Farm
20:54 Farm
20:55 Farm
» items
| Scroll of Regeneration | 3 | |
| Scroll of Town Portal | 5 | |
| Scroll of Speed | 1 | |
| Potion of Healing | 1 | |
| Staff of Sanctuary | 1 | |
11 total

»
remastered3 (
orange | 115 APM | 2916 actions | 25:25)
4 Death Knight
2 Death Coil
2 Unholy Aura
7 Crypt Lord
3 Carrion Beetles
3 Impale
1 Locust Swarm
» actions
| Assign group hotkey | 62 | |
| Basic commands | 443 | |
| Build / train | 105 | |
| ESC pressed | 5 | |
| Enter build submenu | 26 | |
| Enter hero's abilities submenu | 11 | |
| Give item / drop item | 4 | |
| Right click | 945 | |
| Select / deselect | 611 | |
| Select group hotkey | 489 | |
| Use ability | 215 | |
2916 total
» units
| Acolyte | 17 | |
| Ghoul | 2 | |
| Crypt Fiend | 15 | |
| Goblin Shredder | 2 | |
| Mur'gul Snarecaster | 3 | |
| Obsidian Statue | 3 | |
| Meatwagon | 2 | |
| Necromancer | 4 | |
| Banshee | 3 | |
51 total
» upgrades
| Creature Attack | 2 | |
| Creature Carapace | 1 | |
| Burrow | 1 | |
| Unholy Strength | 2 | |
| Necromancer Training | 2 | |
| Skeletal Longevity | 1 | |
| Exhume Corpses | 1 | |
| Skeletal Mastery | 1 | |
| Banshee Training | 2 | |
| Web | 1 | |
| Destroyer Form | 1 | |
15 total
» buildings
| Crypt | 2 | |
| Graveyard | 1 | |
| Altar of Darkness | 1 | |
| Ziggurat | 11 | |
| Tomb of Relics | 1 | |
| Nerubian Tower | 2 | |
| Halls of the Dead | 2 | |
| Necropolis | 1 | |
| Black Citadel | 3 | |
| Slaughterhouse | 2 | |
| Temple of the Damned | 2 | |
| Sacrificial Pit | 1 | |
| Spirit Tower | 1 | |
30 total
» build order
00:07 Crypt
00:12 Graveyard
00:41 Altar of Darkness
00:57 Ziggurat
01:32 Tomb of Relics
02:01 Ziggurat
02:23 Nerubian Tower
02:23 Nerubian Tower
02:58 Ziggurat
05:06 Crypt
06:05 Ziggurat
06:30 Halls of the Dead
06:30 Halls of the Dead
06:47 Ziggurat
08:23 Necropolis
08:25 Ziggurat
08:25 Ziggurat
09:34 Black Citadel
10:43 Slaughterhouse
10:44 Slaughterhouse
10:45 Temple of the Damned
11:02 Ziggurat
11:05 Temple of the Damned
11:18 Black Citadel
11:18 Black Citadel
15:33 Ziggurat
15:34 Ziggurat
15:34 Ziggurat
19:42 Sacrificial Pit
19:54 Spirit Tower
» items
| Rod of Necromancy | 3 | |
| Scroll of Town Portal | 4 | |
| Potion of Healing | 1 | |
| Healing Salve | 1 | |
| Lesser Clarity Potion | 2 | |
| Orb of Lightning | 1 | |
12 total

»
FaTtKaCh (
blue | 48 APM | 1216 actions | 25:25)
6 Tauren Chieftain
2 War Stomp
3 Endurance Aura
1 Reincarnation
4 Shadow Hunter
2 Healing Wave
2 Hex
» actions
| Assign group hotkey | 19 | |
| Build / train | 74 | |
| Enter build submenu | 20 | |
| Enter hero's abilities submenu | 10 | |
| Give item / drop item | 4 | |
| Remove unit from queue | 2 | |
| Right click | 506 | |
| Select / deselect | 296 | |
| Select group hotkey | 207 | |
| Use ability | 78 | |
1216 total
» units
| Peon | 7 | |
| Grunt | 3 | |
| Troll Headhunter/Berserker | 18 | |
| Troll Witch Doctor | 9 | |
| Shaman | 2 | |
39 total
» upgrades
| Armor | 3 | |
| Ranged Weapons | 2 | |
| Witch Doctor Training | 2 | |
| Berserker Upgrade | 1 | |
| Shaman Training | 2 | |
| Reinforced Defenses | 1 | |
| Pulverize | 1 | |
12 total
» buildings
| Orc Burrow | 6 | |
| Barracks | 1 | |
| Altar of Storms | 1 | |
| Voodoo Lounge | 1 | |
| War Mill | 1 | |
| Stronghold | 1 | |
| Watch Tower | 5 | |
| Fortress | 1 | |
| Spirit Lodge | 2 | |
| Tauren Totem | 2 | |
21 total
» build order
00:19 Orc Burrow
00:31 Barracks
00:49 Altar of Storms
01:16 Voodoo Lounge
01:52 Orc Burrow
02:25 War Mill
03:54 Stronghold
04:13 Watch Tower
04:15 Watch Tower
05:06 Watch Tower
05:21 Orc Burrow
07:29 Fortress
07:44 Spirit Lodge
09:03 Spirit Lodge
11:32 Orc Burrow
11:35 Orc Burrow
14:21 Watch Tower
14:43 Tauren Totem
19:40 Tauren Totem
20:26 Watch Tower
22:45 Orc Burrow
» items
| Healing Salve | 1 | |
| Claws of Attack +6 | 1 | |
| Circlet of Nobility | 1 | |
| Lesser Clarity Potion | 1 | |
| Potion of Healing | 1 | |
| Orb of Lightning | 1 | |
| Scroll of Speed | 1 | |
7 total
DidIDoThat (
teal | 49 APM | 1251 actions | 25:26)
6 Paladin
3 Holy Light
1 Devotion Aura
1 Divine Shield
1 Resurrection
» actions
| Assign group hotkey | 10 | |
| Basic commands | 30 | |
| Build / train | 71 | |
| Enter build submenu | 35 | |
| Enter hero's abilities submenu | 7 | |
| Right click | 509 | |
| Select / deselect | 327 | |
| Select group hotkey | 187 | |
| Use ability | 75 | |
1251 total
» units
| Peasant | 15 | |
| Siege Engine | 16 | |
| Goblin Shredder | 1 | |
32 total
» upgrades
| Lumber Harvesting | 2 | |
| Gunpowder | 3 | |
| Plating | 3 | |
| Masonry | 3 | |
| Barrage | 1 | |
12 total
» buildings
| Keep | 1 | |
| Lumber Mill | 1 | |
| Scout Tower | 19 | |
| Altar of Kings | 1 | |
| Farm | 6 | |
| Arcane Tower | 1 | |
| Blacksmith | 2 | |
| Castle | 1 | |
| Town Hall | 1 | |
| Workshop | 3 | |
| Arcane Vault | 2 | |
| Guard Tower | 4 | |
42 total
» build order
02:08 Keep
02:48 Lumber Mill
02:50 Scout Tower
02:59 Altar of Kings
03:02 Farm
03:05 Farm
03:17 Arcane Tower
04:38 Blacksmith
04:41 Blacksmith
06:09 Castle
06:19 Town Hall
07:09 Workshop
07:10 Workshop
07:16 Workshop
08:36 Farm
08:37 Farm
10:18 Arcane Vault
11:05 Farm
12:47 Farm
16:26 Scout Tower
16:27 Scout Tower
16:27 Scout Tower
16:27 Scout Tower
16:29 Scout Tower
16:29 Scout Tower
18:48 Guard Tower
19:25 Scout Tower
19:26 Scout Tower
19:27 Scout Tower
19:27 Scout Tower
20:19 Guard Tower
20:29 Scout Tower
20:30 Scout Tower
20:31 Scout Tower
20:33 Scout Tower
20:38 Arcane Vault
21:47 Guard Tower
22:42 Scout Tower
23:21 Guard Tower
23:25 Scout Tower
23:26 Scout Tower
23:27 Scout Tower
» items
| Boots of Speed | 1 | |
| Staff of Teleportation | 1 | |
| Scroll of Town Portal | 4 | |
| Healing Salve | 1 | |
| Potion of Invisibility | 2 | |
| Tome of Retraining | 1 | |
| Orb of Corruption | 1 | |
11 total
Chat log
(07:56 / Allies) remastered3: b
(09:05 / Allies) remastered3: ?
(09:08 / Allies) remastered3: defend?
(10:06 / Allies) DidIDoThat: I didn't mean to get aura
(13:18 / All) maui: nice
(13:19 / All) maui: lame shit
(14:14 / Allies) FaTtKaCh: b
(18:26 / Allies) DidIDoThat: b?
(19:49 / Allies) DidIDoThat: upgrade buildings blue
(19:59 / Allies) FaTtKaCh: no wood
(20:07 / Allies) FaTtKaCh: ty
(22:00 / All) remastered3: FEED ME
(24:20 / All) maui: you fucking cheese mother fucker
(24:21 / All) maui: no micro?
(24:36 / All) DidIDoThat: PALADIN BITCH
(24:40 / All) maui: naw
(24:46 / All) DidIDoThat: I BRING YOU THE WORD OF THE TRUE FAITH
(24:48 / All) maui: solo hero tanks
(24:50 / All) maui: please